 Dungeon Sprint DCSS version 0.31.0-9-g3a7656b989 (webtiles) character file.

Game seed: 14799349256915459548

165 Heoruswealwe the Spear-Bearer (level 5, -10/52 HPs)
             Began as a Minotaur Fighter on Feb 4, 2024.
             Was an Initiate of Gozag.
             Mangled by a two-headed ogre
             ... wielding a +0 giant club
              (18 damage)
             ... in the Dungeon (Sprint IX: "|||||||||||||||||||||||||||||").
             The game lasted 00:01:47 (100 turns).

Heoruswealwe the Spear-Bearer (Minotaur Fighter)     Turns: 100, Time: 00:01:49

Health: -10/52     AC:  8    Str: 22    XL:     5   Next: 22%
Magic:  4/4        EV:  9    Int:  5    God:    Gozag
Gold:   0          SH:  4    Dex: 10    Spells: 4/4 levels left

rFire   . . .        a - +0 trident
rCold   . . .        d - +0 buckler
rNeg    . . .        c - +0 scale mail
rPois   .            (helmet restricted)
rElec   .            (no cloak)
rCorr   .            (no gloves)
SInv    .            (no boots)
Will    .....        (no amulet) Stlth
                     (no ring)
HPRegen 0.28/turn    (no ring)
MPRegen 0.09/turn

%: no teleportation
@: no status effects
A: horns 2, retaliatory headbutt
a: Renounce Religion, Potion Petition, Call Merchant, Bribe Branch


You were in the Dungeon.
You worshipped Gozag.
Gozag was noncommittal.
You visited 1 branch

Inventory:

Hand Weapons
 a - a +0 trident (weapon)
Armour
 c - a +0 scale mail (worn)
 d - a +0 buckler (worn)
Jewellery
 n - a +3 ring of dexterity
 o - a +3 ring of intelligence
Wands
 m - a wand of roots (10)
Scrolls
 j - 2 scrolls of blinking
 l - 2 scrolls of amnesia
Potions
 b - a potion of might
 e - a potion of invisibility
 f - 2 potions of heal wounds
 g - a potion of haste
 h - 2 potions of magic
 i - a potion of berserk rage
 k - 4 potions of curing


   Skills:
 + Level 7.3 Fighting
 * Level 9.3 Polearms
 + Level 7.3 Armour
 - Level 3.6 Shields


You had 4 spell levels left.
You didn't know any spells.
Your spell library was empty.

Dungeon Overview and Level Annotations

Branches:
Dungeon (1/1)

Altars:
Cheibriados
Dithmenos
Elyvilon
Fedhas
Gozag
Hepliaklqana
Kikubaaqudgha
Makhleb
Nemelex Xobeh
Okawaru
Qazlal
Ru
Sif Muna
Trog
Uskayaw
Vehumet
Wu Jian
Xom
Yredelemnul
Zin
The Shining One
Jiyva
Lugonu


Innate Abilities, Weirdness & Mutations

You have a pair of horns on your head.
You reflexively headbutt those who attack you in melee.


Message History

There is an open door here.
Found a +3 ring of dexterity.
e - a potion of invisibility;
f - 2 potions of heal wounds
k - 4 potions of curing You see here 2 potions of magic.
Found a +3 ring of intelligence.
l - 2 scrolls of amnesia;
j - 2 scrolls of blinking (gained 1)
m - a wand of roots (10)
Items here: )))))).
Okay, then.
You see here a +0 cloak.
You see here a +0 pair of gloves.
You see here a +0 plate armour.
n - a +3 ring of dexterity
o - a +3 ring of intelligence You open the door.
A howler monkey, a kobold brigand, 2 two-headed ogres and 2 orc warriors come into view.
The kobold brigand is wielding a +0 whip and quivering poisoned darts.
The howler monkey howls!
The kobold brigand shouts!
The orc warrior shouts!
The two-headed ogre shouts in stereo!
The orc warrior shouts!
The orc warrior unwields a +0 hand axe.
The orc warrior wields a +0 orcbow.
The orc warrior shoots an arrow.
You block the arrow.
There is an open door to the Dungeon here.
You puncture the two-headed ogre!
The two-headed ogre is moderately wounded.
You barely miss the two-headed ogre. You headbutt the two-headed ogre!
The two-headed ogre is heavily wounded.
The two-headed ogre hits you with a +0 giant club.
You block the two-headed ogre's attack.
You barely miss the two-headed ogre. You headbutt the two-headed ogre.
The two-headed ogre is heavily wounded.
The howler monkey hoots and howls with incredible vigour!
You hear a roar!
You hear a shout!
You hit the two-headed ogre.
The two-headed ogre is heavily wounded.
The two-headed ogre hits you with a +0 giant club!!
* * * LOW HITPOINT WARNING * * *
The two-headed ogre hits you with a +0 giant spiked club!!
You die...
Your body crumbles into a pile of gold.

▓+▓
▓h▓
▓K▓
▓o▓
▓o▓
▓O▓
▓O▓
▓@▓
▓.▓
▓.▓
▓[▓
▓[▓
▓[▓
▓.▓
▓)▓
▓.▓


You could see 2 two-headed ogres, 2 orc warriors, a kobold brigand and a howler
monkey (catching breath).

Vanquished Creatures
  2 scorpions (D)
  A bombardier beetle (D)
  An adder (D)
  A dart slug (D)
  An orc (D)
  2 ball pythons (D)
  A kobold (D)
  A rat (D)
10 creatures vanquished.

Notes
Turn   | Place    | Note
-------+----------+-------------------------------------------
     0 | D        | Heoruswealwe the Minotaur Fighter began the quest for the
                  | Orb.
     0 | D        | Reached XP level 1. HP: 19/19 MP: 0/0
     7 | D        | Reached skill level 3 in Polearms
    19 | D        | Noticed a scorpion
    19 | D        | Noticed a scorpion
    19 | D        | Noticed a bombardier beetle
    26 | D        | Reached skill level 4 in Polearms
    26 | D        | Reached XP level 2. HP: 27/28 MP: 1/1
    28 | D        | Killed a bombardier beetle
    29 | D        | Reached skill level 5 in Fighting
    29 | D        | Reached skill level 6 in Polearms
    29 | D        | Reached skill level 5 in Armour
    29 | D        | Reached XP level 3. HP: 25/36 MP: 2/2
    35 | D        | Killed a scorpion
    36 | D        | Reached skill level 8 in Polearms
    36 | D        | Reached XP level 4. HP: 14/45 MP: 3/3
    41 | D        | Killed a scorpion
    42 | D        | Reached skill level 9 in Polearms
    42 | D        | Reached XP level 5. HP: 16/52 MP: 4/4
    50 | D        | Found a snail-covered altar of Cheibriados.
    50 | D        | Found a shadowy altar of Dithmenos.
    50 | D        | Found a white marble altar of Elyvilon.
    50 | D        | Found a blossoming altar of Fedhas.
    50 | D        | Found an opulent altar of Gozag.
    51 | D        | Found a hazy altar of Hepliaklqana.
    52 | D        | Found a viscous altar of Jiyva.
    53 | D        | Found an ancient bone altar of Kikubaaqudgha.
    54 | D        | Found a corrupted altar of Lugonu.
    55 | D        | Found a burning altar of Makhleb.
    56 | D        | Found a sparkling altar of Nemelex Xobeh.
    57 | D        | Found an iron altar of Okawaru.
    58 | D        | Found a stormy altar of Qazlal.
    60 | D        | Became a worshipper of Gozag Ym Sagoz the Greedy
    62 | D        | Found a sacrificial altar of Ru.
    63 | D        | Found a shimmering blue altar of Sif Muna.
    64 | D        | Found a bloodstained altar of Trog.
    65 | D        | Found a hide-covered altar of Uskayaw.
    66 | D        | Found a radiant altar of Vehumet.
    67 | D        | Found an ornate altar of the Wu Jian Council.
    68 | D        | Found a shimmering altar of Xom.
    69 | D        | Found a basalt altar of Yredelemnul.
    70 | D        | Found a glowing silver altar of Zin.
    71 | D        | Found a glowing golden altar of the Shining One.
    95 | D        | Noticed a two-headed ogre
    95 | D        | Noticed an orc warrior
    95 | D        | Noticed a two-headed ogre
    95 | D        | Noticed an orc warrior
   100 | D        | Mangled by a two-headed ogre

Illustrated notes

Levels and vault maps discovered:
D:        linesprint [early_d, line_temple, items_1, d_10, items_2, lair_1,
          lair_end, items_3, orc_1, orc_end, items_4, d_15, swamp_1, shoals_1,
          snake_1, spider_1, d_20, vaults_1, items_5, swamp_end, shoals_end,
          snake_end, spider_end, vaults_end, d_27, items_6, zot_1, zot_end,
          crypt_end, forest_end, elf_end, slime_end, tomb_end, abyss_end,
          pan_hell_end]

Skill      XL: |  1  2  3  4 |
---------------+-------------+-----
Polearms       | 4 6 8 9 |  9.3
Fighting       | 4 5 6 7 |  7.3
Armour         | 4 5 6 7 |  7.3
Shields        | |  3.6

Action                     |  1- 3 |  4- 6 || total
---------------------------+-------+-------++-------
  Melee: Trident           |    24 |    11 ||    35
         Headbutt          |     3 |     4 ||     7
    Use: Potion            |     1 |     1 ||     2
 Armour: Scale mail        |     9 |     6 ||    15
  Dodge: Dodged            |     8 |     2 ||    10
  Block: Buckler           |     6 |     3 ||     9
